 Dungeon Crawl Stone Soup version 0.20-a0-270-g8e735b6 (webtiles) character file.

35 gamerape the Skirmisher (level 3, -1/20 HPs)
             Began as a Vine Stalker Chaos Knight on Dec 9, 2016.
             Succumbed to an adder's poison
             ... on level 2 of the Dungeon.
             The game lasted 00:03:27 (1133 turns).

gamerape the Skirmisher (Vine Stalker Chaos Knight) Turns: 1133, Time: 00:03:28

Health: -1/20      AC:  5    Str: 15    XL:     3   Next: 35%
Magic:  4/4        EV: 10    Int: 12    God:    Xom [......]
Gold:   40         SH:  0    Dex: 13    Spells: 2/2 levels left

rFire  . . .     SeeInvis .     a - +0 mace (chaos)
rCold  . . .     Gourm    .     b - +2 leather armour
rNeg   . . .     Faith    .     (no shield)
rPois  .         Spirit   +     (no helmet)
rElec  .         Reflect  .     (no cloak)
rCorr  .         Harm     .     (no gloves)
MR     .....                    (no boots)
Stlth  +.........               (no amulet)
                                (no ring)
                                (no ring)

@: confused, lethally poisoned (-1 -> -22), flying, drained
A: fangs 2, magic shield, antimagic bite, no device heal 3, rot immunity
a: Renounce Religion


You were on level 2 of the Dungeon.
You worshipped Xom.
You were a very special plaything of Xom.
You were not hungry.

You visited 1 branch of the dungeon, and saw 2 of its levels.

You collected 40 gold pieces.

Inventory:

Hand Weapons
 a - a +0 mace of chaos (weapon)
Missiles
 q - 25 stones (quivered)
Armour
 b - a +2 leather armour (worn)
Jewellery
 e - a +3 ring of evasion {unknown}
Scrolls
 f - a scroll of remove curse {unknown}
 i - a scroll of magic mapping {unknown}
 k - 3 scrolls of recharging {unknown}
 n - a scroll of enchant weapon {unknown}
 o - a scroll of teleportation {unknown}
 p - a scroll of enchant armour {unknown}
Potions
 j - a potion of degeneration {unknown}
 l - 2 potions of curing {unknown}
 m - a potion of invisibility {unknown}
 r - a potion of mutation {unknown}
Comestibles
 c - 2 bread rations
 d - 2 slices of pizza
 s - a royal jelly


   Skills:
 + Level 3.3(2.2) Fighting
 + Level 3.1(2.0) Maces & Flails
 + Level 1.8(0.8) Armour
 + Level 0.8(0.0) Dodging


You had 2 spell levels left.
You didn't know any spells.

Dungeon Overview and Level Annotations

Branches:
Dungeon (2/15)

Altars:


Innate Abilities, Weirdness & Mutations

You have extremely sharp teeth.
When hurt, damage is shared between your health and your magic reserves.
Your bite disrupts and absorbs the magic of your enemies.
Potions and wands cannot restore your health.
You are immune to rotting.


Message History

The adder is heavily wounded.
* * * LOW HITPOINT WARNING * * *
You feel sick. The adder bites you.
* * * LOW HITPOINT WARNING * * *
You emit a cloud of colourful smoke!
You are more poisoned.
The adder poisons you! The adder bites you but does no damage.
* * * LOW HITPOINT WARNING * * *
You feel sick.
It was a potion of flight.
You feel very buoyant.
You fly up into the air.
Xom roars with laughter!
* * * LOW HITPOINT WARNING * * *
You feel sick. The adder bites you but does no damage.
It was a potion of ambrosia.
You are confused.
Your system rejects the healing.
You feel invigorated.
You die...
Xom thinks this is hilarious!

#### #...
#########################.##
........§§S@§.............##
........#§8###.8###.8###.8#
#######'######### #### ####
#...........S....
≈≈≈≈≈≈≈≈≈≈≈≈≈≈≈≈≈
≈≈≈≈≈≈≈≈≈≈≈≈≈≈≈≈≈
#................
#################


You could see an adder.

Vanquished Creatures
  A gnoll (D:1)
  3 bats
  A giant cockroach (D:2)
  4 goblins (D:1)
  6 hobgoblins (D:1)
  A kobold (D:1)
  3 frilled lizards (D:1)
  4 rats (D:1)
23 creatures vanquished.

Notes
Turn   | Place    | Note
-------+----------+-------------------------------------------
     0 | D:1      | gamerape the Vine Stalker Chaos Knight began the quest for the Orb.
     0 | D:1      | Reached XP level 1. HP: 11/11 MP: 2/2
    57 | D:1      | XOM: smoke on damage
   134 | D:1      | XOM: divination: detect creatures
   191 | D:1      | XOM: potion effect (haste)
   197 | D:1      | XOM: silly message
   202 | D:1      | XOM: divination: detect items
   221 | D:1      | XOM: butterfly on damage
   222 | D:1      | Reached XP level 2. HP: 6/16 MP: 1/3
   603 | D:1      | Reached XP level 3. HP: 20/20 MP: 4/4
  1085 | D:2      | XOM: draining
  1130 | D:2      | XOM: smoke on damage
  1132 | D:2      | HP: 1/20 [poisoned by an adder]
  1133 | D:2      | Succumbed to an adder's poison

Vault maps used:
D:1:      sevenhm_arrival_forest_fort_large_4, st_stairs_8
D:2:      wad_river_or_something, minivault_26

Skill      XL: |  1  2 |
---------------+-------+-----
Fighting       | 3 |  3.3
Maces & Flails | 3 |  3.1
Armour         | |  1.8
Dodging        | |  0.8

Action                   || total
-------------------------++-------
Melee: Mace              ||    64
       Bite              ||    11
  Use: Potion            ||     2
  Eat: Chunk             ||     1
Armor: Leather armour    ||    24
Dodge: Dodged            ||    33
